 Dungeon Crawl Stone Soup version 0.29-a0-234-g0dae59b3db (webtiles) character file.

Game seed: 16145740028807179204

32876 siradein the Merchant of Misery (level 13, -6/68 HPs)
             Began as a Vampire Necromancer on Mar 2, 2022.
             Was a Believer of Kikubaaqudgha.
             Mangled by a culicivora (12 damage)
             ... on level 4 of the Lair of Beasts on Mar 3, 2022.
             The game lasted 01:10:17 (19531 turns).

siradein the Merchant of Misery (VpNe)             Turns: 19531, Time: 01:10:18

Health: -6/68      AC: 15    Str:  7    XL:     13   Next: 33%
Magic:  4/29       EV: 15    Int: 21    God:    Kikubaaqudgha [**....]
Gold:   1270       SH:  4    Dex: 16    Spells: 20/36 levels left

rFire   . . .      SeeInvis +   S - +10 trident "Niepsoc" {pain, rC+}
rCold   + + +      Faith    .   T - +1 buckler
rNeg    + + +      Spirit   .   j - +2 robe {Will+}
rPois   ∞          Reflect  .   l - +2 helmet
rElec   .          Harm     .   P - +1 cloak {Will+}
rCorr   +          Rampage  .   o - +0 pair of gloves
Will    +++..      Clarity  +   b - +0 pair of boots
Stlth   ++++++....              x - amulet of regeneration
HPRegen 0.00/turn               Q - ring "Gilal" {rPois AC+4}
MPRegen 0.21/turn               I - ring of resist corrosion

@: bloodless, inhibited regen, studying Hexes
A: bloodless, fangs 3, see invisible, vampiric 2, clarity
a: Bat Form, Revivify, Renounce Religion, Receive Corpses


You were on level 4 of the Lair of Beasts.
You worshipped Kikubaaqudgha.
Kikubaaqudgha was pleased with you.
You visited 3 branches of the dungeon, and saw 16 of its levels.
You also visited: Sewer.

You collected 1270 gold pieces.

Inventory:

Hand Weapons
 M - the +8 trident of the Octopus King {venom, rElec rPois}
   (You found it on level 9 of the Dungeon)

   It poisons the flesh of those it strikes.
   rElec:     It insulates you from electricity.
   rPois:     It protects you from poison.
 S - the +10 trident "Niepsoc" (weapon) {pain, rC+}
   (You took it off a gnoll sergeant on level 5 of the Dungeon)

   In the hands of one skilled in necromantic magic, it inflicts extra damage on
   living creatures.
   rC:        It protects you from cold.
Missiles
 H - a throwing net
Armour
 b - a +0 pair of boots (worn)
 g - an orb of mayhem
 j - a +2 robe of willpower (worn)
 l - a +2 helmet (worn)
 o - a +0 pair of gloves (worn)
 D - a +0 kite shield of protection
 E - a +0 troll leather armour
 P - a +1 cloak of willpower (worn)
 T - a +1 buckler (worn)
Magical Staves
 N - a staff of poison
Jewellery
 c - a +6 ring of dexterity
 x - an amulet of regeneration (around neck)
 y - a ring of positive energy
 I - a ring of resist corrosion (right hand)
 Q - the ring "Gilal" (left hand) {rPois AC+4}
   (You took it off a gnoll shaman on level 5 of the Dungeon)

   [ring of protection]

   AC:        It affects your AC (+4).
   rPois:     It protects you from poison.
Wands
 a - a wand of polymorph (12)
 C - a wand of acid (10)
 F - a wand of charming (1)
 L - a wand of paralysis (1)
 O - a wand of iceblast (5)
 R - a wand of flame (17)
 W - a wand of digging (4)
Scrolls
 d - 3 scrolls of enchant weapon
 f - 2 scrolls of blinking
 h - 5 scrolls of amnesia
 i - 2 scrolls of noise {unknown}
 k - 2 scrolls of summoning {unknown}
 n - 5 scrolls of magic mapping {unknown}
 s - 5 scrolls of immolation {unknown}
 t - 6 scrolls of teleportation {unknown}
 z - 3 scrolls of fog
 B - 2 scrolls of fear
 J - a scroll of acquirement {unknown}
 V - a scroll of enchant armour
 X - 2 scrolls of brand weapon {unknown}
Potions
 e - 5 potions of flight
 m - 3 potions of lignification
 p - 3 potions of curing
 q - 2 potions of cancellation
 r - 2 potions of mutation
 u - a potion of resistance
 v - 2 potions of haste
 w - a potion of ambrosia {unknown}
 A - 3 potions of attraction {unknown}
 G - 2 potions of berserk rage {unknown}
 K - 3 potions of brilliance {unknown}
 Z - a potion of magic {unknown}


   Skills:
 + Level 2.8 Fighting
 + Level 6.5 Polearms
 + Level 6.7 Dodging
 - Level 7.8 Stealth
 + Level 12.0 Spellcasting
 + Level 14.7 Necromancy
 + Level 9.3 Earth Magic


You had 20 spell levels left.
You knew the following spells:

 Your Spells              Type           Power      Damage    Failure   Level
a - Pain                  Necr           100%       1d9       1%          1
b - Vampiric Draining     Necr           65%        2d10      1%          3
c - Animate Dead          Necr           32%        N/A       1%          4
d - Stone Arrow           Conj/Erth      64%        3d11      3%          3
e - Lee's Rapid Deconstr  Erth           25%        3d15*     4%          5

Your spell library contained the following spells:

 Spells                   Type           Power      Damage    Failure   Level
 Animate Skeleton         Necr           100%       N/A       1%          1
 Sandblast                Erth           100%       2d20      1%          1
 Passwall                 Tmut/Erth      26%        N/A       1%          2
 Sublimation of Blood     Necr           65%        N/A       1%          2
 Agony                    Necr           65%        N/A       1%          5
 Foxfire                  Conj/Fire      48%        2x1d6     7%          1
 Leda's Liquefaction      Hex/Erth       16%        N/A       11%         4
 Petrify                  Tmut/Erth      32%        N/A       11%         4
 Conjure Flame            Conj/Fire      12%        6-21      22%         3
 Gell's Gravitas          Tloc           12%        N/A       22%         3
 Inner Flame              Hex/Fire       12%        N/A       22%         3
 Lesser Beckoning         Tloc           12%        N/A       22%         3
 Teleport Other           Tloc           12%        N/A       22%         3
 Flame Wave               Conj/Fire      12%        2d6       56%         4
 Summon Ice Beast         Ice/Summ       12%        N/A       56%         4
 Statue Form              Tmut/Erth      21%        N/A       85%         6
 Fireball                 Conj/Fire      6%         3d5       89%         5
 Irradiate                Conj/Tmut      6%         3d16      89%         5
 Summon Mana Viper        Hex/Summ       12%        N/A       89%         5
 Starburst                Conj/Fire      6%         6d4       100%        6
 Monstrous Menagerie      Summ           6%         N/A       100%        7
 Ignition                 Fire           6%         3d4       100%        8


Dungeon Overview and Level Annotations

Branches:
Dungeon (11/15)            Temple (1/1) D:6            Lair (4/6) D:9
 Spider (0/4) Lair:4          Orc (0/2) D:10          Sewer (visited)
  Swamp: Lair:2-4    Shoals: Lair:2-4

Altars:
Ashenzari
Cheibriados
Dithmenos
Elyvilon
Fedhas
Gozag
Hepliaklqana
Kikubaaqudgha
Makhleb
Nemelex Xobeh
Okawaru
Qazlal
Ru
Sif Muna
Trog
Uskayaw
Vehumet
Wu Jian
Xom
Yredelemnul
Zin
The Shining One
Beogh

Annotations:
Lair:4 Rupert


Innate Abilities, Weirdness & Mutations

You do not regenerate when monsters are visible.
You are frail without blood (-20% HP).
You can heal yourself when you bite living creatures.
You are immune to poison.
You have razor-sharp teeth.
You have supernaturally acute eyesight. (SInv)
You are afflicted with vampirism and can become a bat while bloodless.
You possess an exceptional clarity of mind.


Message History

You feel life coursing into your body. You block the culicivora's attack.
The culicivora barely misses you. The culicivora bites you.
The culicivora barely misses you.
You miss the culicivora.
The culicivora is heavily wounded.
The culicivora bites you. The culicivora barely misses you.
Casting: Vampiric Draining (safe; 1% risk of failure)
Confirm with . or Enter, or press ? or * to list all spells.
Aiming: Vampiric Draining (safe; 1% risk of failure)
Press: ? - help, Shift-Dir - straight line, f/p - culicivora
Aim: a culicivora (heavily wounded)
You draw life force from the culicivora!
You feel life coursing into your body. The culicivora bites you! x2
The culicivora barely misses you. x2
Unknown command.
You are too injured to fight recklessly!
Casting: Vampiric Draining (safe; 1% risk of failure)
Confirm with . or Enter, or press ? or * to list all spells.
You don't have enough magic to cast this spell.
Unknown command.
Unknown command.
The culicivora closely misses you.
The culicivora is healed somewhat.
The culicivora barely misses you.
The culicivora is healed somewhat.
The culicivora bites you!
The culicivora is healed somewhat.
The culicivora bites you!
* * * LOW HITPOINT WARNING * * *
The culicivora barely misses you. The culicivora closely misses you.
The culicivora completely misses you.
The culicivora's wounds heal themselves!
The culicivora bites you but does no damage.
Blink to where?
Press: ? - help, Dir - move target, p - culicivora
Okay, then.
The culicivora bites you!
* * * LOW HITPOINT WARNING * * *
The culicivora bites you but does no damage.
The culicivora bites you!
You die...
Kikubaaqudgha rasps: "You have failed me!
Welcome... oblivion!"

####.#.#.P.#.#
#.#....##..###
#.....####.###
##.....###...###
##.....###......#
#.......##......#
#.......s...#.###
##....##s.##.##
#..## #@## ## ###
#.# #.### ##.#.#
#....# #...###
###...# #...#
##..##


You could see 2 culicivoras.

Vanquished Creatures
  Gastronok (Lair:3)
  Erolcha (D:9)
  A boulder beetle (D:11)
  2 two-headed ogres
  8 death yaks (D:9)
  Sonja (Lair:3)
  A cyclops (D:10)
  The ghost of testman the Shooter, a novice DEAM of Qazlal (D:5)
  Maurice (D:9)
  A black mamba (Lair:3)
  A gargoyle (D:10)
  A torpor snail (Lair:4)
  Maggie (D:8)
  7 cane toads
  4 komodo dragons
  Psyche (D:8)
  A troll (D:5)
  3 polar bears
  24 blink frogs
  2 jumping spiders (Lair:4)
  4 shadows
  2 culicivoras (Lair:4)
  A basilisk (Lair:4)
  A wyvern (Lair:3)
  36 yaks
  A steam dragon (D:7)
  2 redbacks (Lair:4)
  A vampire mosquito (D:10)
  4 acid dragons
  2 water moccasins
  Duvessa (D:5)
  3 orc warriors
  3 sky beasts
  4 ice beasts
  A black bear (Lair:4)
  2 ogres (D:6)
  3 wolves (Lair:2)
  6 centaurs
  A phantom (D:4)
  A kobold brigand (D:7)
  12 bullfrogs
  5 gnoll sergeants
  4 necrophages
  2 scorpions
  Dowan (D:5)
  8 killer bees
  6 howler monkeys
  3 jellies
  6 hounds
  3 gnoll shamans
  12 orc priests
  An iguana (D:7)
  6 orc wizards
  13 adders
  18 gnolls
  6 river rats (Sewer)
  A shadow imp (D:7)
  A white imp (D:7)
  4 worms
  3 dart slugs
  37 orcs
  3 endoplasms
  A giant cockroach (D:2)
  7 goblins
  9 hobgoblins
  A jackal (D:2)
  2 quokkas
  10 ball pythons
  5 bats
  2 frilled lizards
  6 kobolds
  18 rats
358 creatures vanquished.

Vanquished Creatures (collateral kills)
  A blink frog (Lair:4)
  A bullfrog (Lair:3)
  3 river rats (Sewer)
  An orc (D:3)
  A jackal (D:2)
  A frilled lizard (Sewer)
  11 rats (Sewer)
19 creatures vanquished.

Vanquished Creatures (others)
  A human (D:10)
  An adder (Sewer)
  A river rat (Sewer)
  An endoplasm (Sewer)
  A jackal (D:2)
  2 ball pythons (Sewer)
  2 rats (Sewer)
  7 fungi
  15 plants
31 creatures vanquished.

Grand Total: 408 creatures vanquished

Notes
Turn   | Place    | Note
-------+----------+-------------------------------------------
     0 | D:1      | siradein the Vampire Necromancer began the quest for the
                  | Orb.
     0 | D:1      | Reached XP level 1. HP: 13/13 MP: 3/3
   637 | D:1      | Reached XP level 2. HP: 17/19 MP: 1/5
  1390 | D:2      | Found a faded altar of an unknown god.
  1430 | D:2      | Reached skill level 5 in Necromancy
  1430 | D:2      | Gained mutation: You are afflicted with vampirism and can
                  | become a bat while bloodless. [Vampire growth]
  1430 | D:2      | Reached XP level 3. HP: 21/24 MP: 2/7
  1434 | D:2      | Learned a level 3 spell: Vampiric Draining
  2514 | D:3      | Reached XP level 4. HP: 26/30 MP: 2/8
  2651 | D:3      | Found a broken altar of Ashenzari.
  3377 | D:4      | Reached XP level 5. HP: 17/28 MP: 5/10
  3527 | D:4      | Noticed a phantom
  3645 | D:4      | Reached skill level 5 in Stealth
  3772 | D:4      | Reached skill level 6 in Necromancy
  3772 | D:4      | Reached XP level 6. HP: 32/32 MP: 4/12
  4401 | D:5      | Entered Level 5 of the Dungeon
  4465 | D:5      | Noticed a sky beast
  4481 | D:5      | Killed a sky beast
  4589 | D:5      | Noticed Duvessa
  4590 | D:5      | Noticed Dowan
  4590 | D:5      | Noticed a troll
  4601 | D:5      | Reached XP level 7. HP: 41/41 MP: 4/13
  4674 | D:5      | Found a glowing drain.
  4725 | Sewer    | Entered a sewer
  5156 | Sewer    | Reached skill level 7 in Necromancy
  5172 | Sewer    | Reached skill level 5 in Spellcasting
  5463 | D:5      | Found a transporter.
  5463 | D:5      | Found a transporter.
  5675 | D:5      | Learned a level 4 spell: Animate Dead
  5795 | D:6      | Reached XP level 8. HP: 52/52 MP: 0/16
  6020 | D:5      | Reached skill level 8 in Necromancy
  6142 | D:5      | Killed a troll
  6237 | D:5      | Killed Duvessa
  6407 | D:6      | Reached skill level 9 in Necromancy
  6766 | D:6      | Reached XP level 9. HP: 57/57 MP: 3/19
  6884 | D:6      | Found a staircase to the Ecumenical Temple.
  6983 | Temple   | Entered the Ecumenical Temple
  7215 | D:5      | Killed Dowan
  7291 | D:5      | Identified the ring "Gilal" {rPois AC+4}
  7292 | D:5      | Noticed testman's ghost (novice DEAM)
  7294 | D:5      | Identified the +10 trident "Niepsoc" {pain, rC+}
  7294 | D:5      | Identified the +6 scale mail of Uffy {rCorr Int+6}
  7594 | D:6      | Reached skill level 10 in Necromancy
  8482 | D:7      | Found a hide-covered altar of Uskayaw.
  8578 | D:7      | Found a stormy altar of Qazlal.
  8710 | D:7      | Learned a level 3 spell: Stone Arrow
  8761 | D:8      | Reached skill level 11 in Necromancy
  8833 | D:8      | Reached skill level 1 in Earth Magic
  9138 | D:8      | Found a shadowy altar of Dithmenos.
  9173 | D:7      | Reached XP level 10. HP: 46/63 MP: 9/23
  9819 | D:8      | Noticed Maggie
  9826 | D:8      | Killed Maggie
 10026 | D:9      | Noticed Psyche
 10033 | D:8      | Killed Psyche
 10177 | D:8      | Reached skill level 12 in Necromancy
 10491 | D:9      | Reached skill level 5 in Earth Magic
 10620 | D:9      | Noticed Erolcha
 10673 | D:8      | Reached skill level 10 in Spellcasting
 10997 | D:9      | Killed Erolcha
 11074 | D:9      | Found a shimmering blue altar of Sif Muna.
 11075 | D:9      | Found a burning altar of Makhleb.
 11077 | D:9      | Found the +8 trident of the Octopus King {venom, rElec
                  | rPois}
 11093 | D:9      | Noticed Maurice
 11193 | D:9      | Noticed a death yak
 11194 | D:9      | Noticed a death yak
 11194 | D:9      | Noticed a death yak
 11194 | D:9      | Noticed a two-headed ogre
 11194 | D:9      | Noticed a death yak
 11194 | D:9      | Noticed a death yak
 11195 | D:9      | Noticed a death yak
 11255 | D:9      | Killed a death yak
 11256 | D:9      | Reached XP level 11. HP: 45/68 MP: 10/25
 11294 | D:9      | Killed a two-headed ogre
 11295 | D:9      | Reached skill level 1 in Polearms
 11561 | D:9      | Found a staircase to the Lair.
 11575 | D:9      | Noticed a death yak
 11577 | D:9      | Noticed a death yak
 11617 | D:9      | Killed a death yak
 11720 | D:9      | Killed a death yak
 11859 | D:9      | Killed a death yak
 11860 | D:9      | Reached skill level 13 in Necromancy
 11910 | D:9      | Killed a death yak
 12097 | D:9      | Killed a death yak
 12192 | D:9      | Killed a death yak
 12254 | D:9      | Killed a death yak
 12512 | D:9      | Killed Maurice
 13579 | D:5      | Killed testman's ghost
 14059 | D:10     | Entered Level 10 of the Dungeon
 14202 | D:10     | Found a staircase to the Orcish Mines.
 14730 | D:10     | Reached XP level 12. HP: 72/74 MP: 16/27
 15013 | D:10     | Found an ancient bone altar of Kikubaaqudgha.
 15051 | D:10     | Became a worshipper of Kikubaaqudgha
 15131 | D:10     | Gained mutation: You possess an exceptional clarity of
                  | mind. [potion of mutation]
 15166 | D:11     | Noticed a two-headed ogre
 15174 | D:11     | Killed a two-headed ogre
 15620 | D:11     | Noticed a boulder beetle
 15641 | D:11     | Killed a boulder beetle
 15941 | Lair:1   | Entered Level 1 of the Lair of Beasts
 15961 | D:9      | Reached skill level 5 in Polearms
 16092 | Lair:1   | Reached skill level 14 in Necromancy
 16258 | Lair:1   | Reached skill level 5 in Dodging
 16261 | Lair:1   | Reached * piety under Kikubaaqudgha
 16261 | Lair:1   | Received a gift from Kikubaaqudgha
 17973 | Lair:2   | Reached skill level 1 in Fighting
 18222 | Lair:3   | Learned a level 5 spell: Lee's Rapid Deconstruction
 18294 | Lair:3   | Noticed Sonja
 18301 | Lair:3   | Killed Sonja
 18302 | Lair:3   | Reached XP level 13. HP: 66/66 MP: 18/28
 18334 | Lair:3   | Identified the +5 falchion of Solemn Guile {protect, Str+3}
 18355 | Lair:3   | Noticed Gastronok
 18380 | Lair:3   | Killed Gastronok
 19034 | Lair:3   | Reached ** piety under Kikubaaqudgha
 19367 | Lair:4   | Noticed Rupert
 19423 | Lair:4   | Found a hole to the Spider Nest.
 19531 | Lair:4   | Mangled by a culicivora

Illustrated notes

Levels and vault maps discovered:
D:1:      minmay_arrival_split_and_join, layout_basic
D:2:      layout_loops_ring, dreamdust_ecumenical_altar_statues, serial_forest,
          infiniplex_forest_end_double, infiniplex_forest_straight_4,
          infiniplex_forest_lined_3, infiniplex_forest_zigzag_1, minivault_25,
          dk_noncrumbling_4, minmay_misc_feat_four_crosses
D:3:      layout_basic, mainiacjoe_overflow_brackets,
          minmay_misc_feat_nine_boxes
D:4:      layout_loops_ring
D:5:      layout_cave_pools, gammafunk_ghost_gnarly_gnolls,
          cheibrodos_sewer_entry_bend, uniq_duvessa
D:6:      layout_rooms, minmay_temple_entry_statues_pillars
D:7:      layout_rooms, grunt_qazlal_clouds, nicolae_uskayaw_dance_studio,
          st_stairs_12
D:8:      layout_loops_ring, grunt_dithmenos_smoke, uniq_maggie
D:9:      layout_long_grid, nicolae_overflow_squiral, dpeg_lair_monsters,
          uniq_psyche, uniq_maurice, uniq_erolcha
D:10:     layout_loops_ring, tgw_kikubaaqudgha, minmay_orc_entry_temple_small,
          lightli_fourway_metalbox
D:11:     layout_small_grid
Temple:   minmay_freezing_vapour_temple
Lair:1:   layout_gridlike, lemuel_fruit_fields
Lair:2:   layout_roguey, serial_bayou_pond_d
Lair:3:   layout_gridlike, skrybe_swamp_entry_bodies, uniq_sonja, uniq_gastronok
Lair:4:   layout_layer_cave, nicolae_spider_entry_tight_spaces, uniq_rupert

Skill      XL: |  1  2  3  4  5  6  7  8  9 10 11 12 13 |
---------------+----------------------------------------+-----
Necromancy     | 5 6 7 9 11 12 13 14 | 14.7
Spellcasting   | 3 4 5 7 9 10 11 12 | 12.0
Stealth        | 4 5 6 7 |  7.8
Earth Magic    | 2 5 7 8 9 |  9.3
Polearms       | 4 6 |  6.5
Dodging        | 3 6 |  6.7
Fighting       | 1 2 |  2.8

Action                   |  1- 3 |  4- 6 |  7- 9 | 10-12 | 13-15 || total
-------------------------+-------+-------+-------+-------+-------++-------
Melee: Dagger            |     1 |     5 |   248 |   129 |       ||   383
       Bite              |       |       |    42 |    54 |     8 ||   104
       Trident           |       |       |       |   344 |    92 ||   436
 Cast: Pain              |    69 |    91 |   167 |   132 |    14 ||   473
       Vampiric Draining |     2 |    10 |    83 |   178 |    32 ||   305
       Stone Arrow       |       |       |       |     3 |     3 ||     6
       Animate Dead      |       |       |       |     1 |     9 ||    10
       Lee's Rapid Decon |       |       |       |     1 |     1 ||     2
 Abil: Exsanguinate      |       |     1 |       |     2 |       ||     3
       Revivify          |       |     1 |       |     1 |       ||     2
  Use: Scroll            |       |       |     7 |     6 |       ||    13
       Potion            |       |       |       |     2 |       ||     2
 Stab: Sleeping          |       |       |       |     7 |     2 ||     9
       Distracted        |       |       |       |     1 |     1 ||     2
Armor: Robe              |     3 |     7 |    32 |   192 |    35 ||   269
       Troll leather arm |       |       |   154 |    13 |       ||   167
       Steam dragon scal |       |       |       |     1 |       ||     1
Dodge: Dodged            |     1 |     9 |   194 |   297 |    81 ||   582
Block: Kite shield       |       |       |   147 |   164 |       ||   311
       Buckler           |       |       |       |    52 |    23 ||    75

Table legend: (Time is in decaauts)
 A = Elapsed time spent in this place.
 B = Non-inter-level travel time spent in this place.
 C = Inter-level travel time spent in this place.
 D = Time resting spent in this place.
 E = Time spent auto-exploring this place.
 F = Levels seen in this place.
 G = Mean time per level.
                   A        B        C        D        E       F      G
               +--------+--------+--------+--------+--------+-----+--------+
         Total |  19775 |  19085 |    690 |   1807 |  11782 |  17 | 1163.2 |
       Dungeon |  15505 |  14886 |    619 |   1586 |   9040 |  11 | 1409.5 |
        Temple |     15 |     15 |      0 |      0 |     10 |   1 |   15.0 |
          Lair |   3498 |   3427 |     71 |    219 |   2151 |   4 |  874.5 |
         Sewer |    756 |    756 |      0 |      2 |    580 |   1 |  756.0 |
               +--------+--------+--------+--------+--------+-----+--------+

Top non-repeatable levels by time:
     D:9: 2212 daAuts
     D:6: 1989 daAuts
     D:8: 1786 daAuts
     D:5: 1659 daAuts
     D:4: 1461 daAuts
     D:2: 1261 daAuts
     D:3: 1216 daAuts
     D:1: 1202 daAuts
  Lair:1: 1151 daAuts
    D:10: 1138 daAuts
  Lair:2: 914 daAuts
  Lair:4: 882 daAuts
     D:7: 840 daAuts
   Sewer: 756 daAuts
    D:11: 736 daAuts
